 Dungeon Crawl Stone Soup version 0.29-a0-207-gf982a884d8 (webtiles) character file.

Game seed: 2528758075712107786

40 siradein the Ducker (level 3, -1/29 HPs)
             Began as a Djinni Gladiator on Feb 23, 2022.
             Slain by a gnoll
             ... wielding a +0 whip
              (4 damage)
             ... on level 2 of the Dungeon.
             The game lasted 00:02:16 (795 turns).

siradein the Ducker (Djinni Gladiator)               Turns: 795, Time: 00:02:16

Health: -1/29      AC:  4    Str: 13    XL:     3   Next: 72%
Gold:   9          EV: 12    Int:  9    God:
                   SH:  4    Dex: 16

rFire   + + +      SeeInvis .   a - +0 long sword
rCold   x . .      Faith    .   i - +1 buckler {rF+}
rNeg    . . .      Spirit   .   b - +0 leather armour
rPois   ∞          Reflect  .   c - +0 helmet
rElec   .          Harm     .   (no cloak)
rCorr   .          Rampage  .   (no gloves)
Will    .....                   (boots unavailable)
Stlth   +.........              (no amulet)
HPRegen 0.09/turn               (no ring)
MPRegen 0.00/turn               (no ring)

@: flying
A: sickness immunity, fire resistance 2, cold vulnerability 1, float, innate
caster, HP casting, extra vitality 1
a: no special abilities


You were on level 2 of the Dungeon.
You visited 1 branch of the dungeon, and saw 2 of its levels.

You collected 9 gold pieces.

Inventory:

Hand Weapons
 a - a +0 long sword (weapon)
 m - a +0 hunting sling
Missiles
 d - 3 throwing nets (quivered)
 f - 62 stones
Armour
 b - a +0 leather armour (worn)
 c - a +0 helmet (worn)
 i - a +1 buckler of fire resistance (worn)
Scrolls
 e - a scroll of enchant armour {unknown}
 g - a scroll of fear {unknown}
 j - 2 scrolls of identify {unknown}
 l - a scroll of holy word {unknown}
Potions
 h - a potion of brilliance {unknown}
 k - a potion of haste {unknown}


   Skills:
 + Level 2.4 Fighting
 + Level 3.0 Long Blades
 + Level 2.0 Throwing
 + Level 3.7 Dodging
 + Level 0.1 Spellcasting


You had one spell level left.
You knew the following spells:

 Your Spells              Type           Power      Damage    Failure   Level
a - Summon Small Mammal   Summ           0%         N/A       56%         1
Your spell library was empty.

Dungeon Overview and Level Annotations

Branches:
Dungeon (2/15)

Altars:


Innate Abilities, Weirdness & Mutations

You are immune to sickness and miasma.
You are immune to poison.
Your flesh is very heat resistant. (rF++)
You are vulnerable to cold. (rC-)
You float through the air rather than walking.
You learn spells naturally, not from books.
Your magical power is your life essence.
You have superior vitality. (+4 MHP)


Message History

A worm comes into view.
A worm is nearby!
A worm is nearby!
A gnoll comes into view.
It is wielding a +0 club. 2 gnolls come into view.
The gnoll shouts! x2; You hear a shout!
A hobgoblin comes into view.
Found an inky potion.
The hobgoblin shouts!
The worm bites you but does no damage.
You hit the gnoll but do no damage. The gnoll hits you with a +0 club.
A kobold comes into view. It is wielding a +0 short sword.
The gnoll hits you from afar with a +0 spear.
You block the gnoll's attack. The gnoll barely misses you.
The gnoll hits you with a +0 whip.
The kobold shouts!
You hit the gnoll.
The gnoll is moderately wounded.
You block the worm's attack. The gnoll hits you with a +0 club.
The gnoll barely misses you. x2
You are too injured to fight recklessly!
The hobgoblin hits you.
You slash the gnoll!
The gnoll is almost dead.
You block the gnoll's attack.
You hit the gnoll but do no damage.
The gnoll is almost dead.
The gnoll hits you but does no damage. The gnoll hits you with a +0 club.
You hit the gnoll but do no damage.
The gnoll is almost dead.
The gnoll hits you with a +0 club.
* * * LOW HITPOINT WARNING * * *
You slash the gnoll!
You kill the gnoll!
You slash the gnoll!
The gnoll is heavily wounded.
The gnoll hits you with a +0 whip.
* * * LOW HITPOINT WARNING * * *
The gnoll hits you with a +0 whip.
You die...

######### #.....†.#
#.#####.#
#.###...##
###.##.###.######.#
#......# #.<.......
#.#.##@###.......##
.....###gKw########
....######g.# #.###
#....# #. ####g..##
# #......# #.#.Kw##
# #...# #...#


You could see a worm, a gnoll, a hobgoblin and a kobold.

Vanquished Creatures
  A gnoll (D:2)
  A dart slug (D:1)
  4 endoplasms (D:1)
  2 giant cockroaches (D:1)
  2 goblins (D:1)
  2 hobgoblins (D:1)
  2 quokkas (D:1)
  A ball python (D:1)
  5 bats (D:1)
  2 frilled lizards (D:1)
  6 rats
28 creatures vanquished.

Notes
Turn   | Place    | Note
-------+----------+-------------------------------------------
     0 | D:1      | siradein the Djinni Gladiator began the quest for the Orb.
     0 | D:1      | Reached XP level 1. HP: 18/18 MP: 0/0
   164 | D:1      | Reached XP level 2. HP: 21/23 MP: 0/0
   426 | D:1      | Reached XP level 3. HP: 22/29 MP: 0/0
   426 | D:1      | Learned a level 1 spell: Summon Small Mammal
   795 | D:2      | Slain by a gnoll

Illustrated notes

Levels and vault maps discovered:
D:1:      tarquinn_simple_flora_water_a, layout_rooms
D:2:      layout_loops_ring

Skill      XL: |  1  2  3 |
---------------+----------+-----
Long Blades    | 3 |  3.0
Throwing       | 2 |  2.0
Fighting       | |  2.4
Dodging        | |  3.7
Spellcasting   | |  0.1

Action                   || total
-------------------------++-------
Melee: Long sword        ||    83
Armor: Leather armour    ||    24
Dodge: Dodged            ||    58
Block: Buckler           ||    10

Table legend: (Time is in decaauts)
 A = Elapsed time spent in this place.
 B = Non-inter-level travel time spent in this place.
 C = Inter-level travel time spent in this place.
 D = Time resting spent in this place.
 E = Time spent auto-exploring this place.
 F = Levels seen in this place.
 G = Mean time per level.
                   A        B        C        D        E       F      G
               +--------+--------+--------+--------+--------+-----+--------+
         Total |    818 |    784 |     34 |      0 |    576 |   2 |  409.0 |
       Dungeon |    818 |    784 |     34 |      0 |    576 |   2 |  409.0 |
               +--------+--------+--------+--------+--------+-----+--------+

Top non-repeatable levels by time:
     D:1: 772 daAuts
     D:2: 45 daAuts
